AoeStats
← Nikox_2015

Arabia

505483068Analyzed
1v1 RM · 22d ago on Sep 9, 2026· 34m 53s· 2 players
Game mode
Random Map
Map size
Tiny (2 player)
Population
200
Speed
Normal
Resources
Standard
Victory
Conquest
Starting age
Dark Age
Ending age
Imperial Age
RankedLock teamsTeams togetherTeam positionsShared explorationLock speedFull tech treeHidden civsTurbo modeCheats
Victory
Defeat
🇫🇷 Franks · France
694
+16
🇨🇱 Britons · Chile
688
-16
Nikox_2015
9:42 Feudal Age
8:01 Loom
22:46 Castle Age
21:22 Forging
23:12 Pikeman
33:37 Double-Bit Axe
jj.astrie
5:39 Loom
9:45 Feudal Age
10:28 Double-Bit Axe
14:38 Forging
17:00 Wheelbarrow
17:24 Gold Mining
18:34 Scale Barding Armor
23:31 Castle Age
24:40 Stone Mining
25:46 Bow Saw
26:27 Gold Shaft Mining
26:16 Chain Barding Armor
26:34 Iron Casting
26:32 Husbandry
Connection lost

Rejoining the realm…

Still unreachable

The connection could not be restored.

Session expired

The server has moved on; the page needs a fresh start.